 Dungeon Crawl Stone Soup version 0.25-a0-645-gb4487340cb (webtiles) character file.

Game seed: 5244015955872243196, levelgen mode: deterministic

69007 Eurus the Destroyer (level 14, -14/105 HPs)
             Began as a Mummy Conjurer on Mar 21, 2020.
             Was the Champion of Ashenzari.
             Shot with a bolt by a yaktaur captain (39 damage)
             ... on level 15 of the Dungeon.
             The game lasted 01:27:10 (30860 turns).

Eurus the Destroyer (Mummy Conjurer)               Turns: 30860, Time: 01:27:11

Health: -14/105    AC:  7    Str: 12    XL:     14   Next: 88%
Magic:  30/40      EV: 16    Int: 25    God:    Ashenzari [******]
Gold:   1387       SH:  6    Dex: 13    Spells: 28/40 levels left

rFire    x . .     SeeInvis +   d - +5 short sword (curse)
rCold    + . .     Gourm    .   f - +0 buckler
rNeg     + + +     Faith    .   j - +0 troll leather armour (curse)
rPois    ∞         Spirit   .   v - +2 hat {Int+3} (curse)
rElec    .         Reflect  .   (no cloak)
rCorr    .         Harm     .   h - +0 pair of gloves (curse)
MR       +....     Clarity  +   (no boots)
Stlth    ++........             p - amulet of the acrobat (curse)
HPRegen  0.67/turn              q - ring of magical power (curse)
MPRegen  0.27/turn              A - +4 ring of intelligence (curse)

@: no status effects
A: no food or potions, fire vulnerability, cold resistance 1, negative energy
resistance 3, torment resistance, unbreathing, in touch with death 1
a: Curse Item, Scrying, Transfer Knowledge, Renounce Religion


You were on level 15 of the Dungeon.
You worshipped Ashenzari.
Ashenzari was exalted by your worship.
You were not hungry.

You visited 4 branches of the dungeon, and saw 24 of its levels.
You also visited: Sewer, Ossuary, Gauntlet and Ice Cave.

You collected 1567 gold pieces.
You spent 180 gold pieces at shops.

Inventory:

Hand Weapons
 d - a cursed +5 short sword (weapon)
Armour
 a - a +1 leather armour of magic resistance
 b - a +0 kite shield
 f - a +0 buckler (worn)
 h - a cursed +0 pair of gloves (worn)
 j - a cursed +0 troll leather armour (worn)
 v - a cursed +2 hat of intelligence (worn)
 G - +0 acid dragon scales
Magical Staves
 m - an uncursed staff of cold
Jewellery
 k - an uncursed ring of ice
 p - a cursed amulet of the acrobat (around neck)
 q - a cursed ring of magical power (left hand)
 A - a cursed +4 ring of intelligence (right hand)
 C - an uncursed ring of protection from cold
 F - an uncursed ring of protection from magic
Wands
 c - a wand of scattershot (11)
 t - a wand of flame (25)
 u - a wand of paralysis (11)
 w - a wand of random effects (40)
 x - a wand of digging (11)
 y - a wand of acid (21)
 B - a wand of iceblast (8)
 H - a wand of enslavement (5)
Scrolls
 e - 8 scrolls of remove curse
 g - 3 scrolls of amnesia
 i - 4 scrolls of teleportation
 l - 20 scrolls of identify
 n - 3 scrolls of fog
 o - 4 scrolls of enchant weapon
 r - a scroll of enchant armour
 s - a scroll of magic mapping
 z - 2 scrolls of torment
 D - a scroll of fear
 E - a scroll of blinking


   Skills:
 + Level 8.1 Fighting
 - Level 4.0 Armour
 - Level 5.0(8.0) Dodging
 - Level 1.5(3.6) Stealth
 + Level 9.6 Shields
 + Level 13.5 Spellcasting
 * Level 13.7(17.8) Conjurations
 - Level 7.5(12.0) Translocations


You had 28 spell levels left.
You knew the following spells:

 Your Spells              Type           Power        Failure   Level  Hunger
a - Magic Dart            Conj           ####         0%          1    N/A
b - Searing Ray           Conj           ######       0%          2    N/A
c - Iskenderun's Mystic   Conj/Tloc      #######.     1%          4    N/A
d - Blink                 Tloc           N/A          1%          2    N/A
e - Mephitic Cloud        Conj/Pois/Air  #####...     1%          3    N/A

Your spell library contained the following spells:

 Spells                   Type           Power        Failure   Level  Hunger
 Shroud of Golubria       Chrm/Tloc      #####.       1%          2    N/A
 Conjure Flame            Conj/Fire      ######..     1%          3    N/A
 Dazzling Flash           Conj/Hex       ######       1%          3    N/A
 Gell's Gravitas          Tloc           ######....   1%          3    N/A
 Lesser Beckoning         Tloc           ######....   1%          3    N/A
 Teleport Other           Tloc           ######..     1%          3    N/A
 Fulminant Prism          Conj/Hex       ######....   1%          4    N/A
 Passage of Golubria      Tloc           N/A          1%          4    N/A
 Sting                    Tmut/Pois      ###.         3%          1    N/A
 Call Imp                 Summ           ###.....     4%          2    N/A
 Poisonous Vapours        Pois/Air       ###...       4%          2    N/A
 Slow                     Hex            ###.....     4%          2    N/A
 Bolt of Magma            Conj/Fire/Erth #####.....   9%          5    N/A
 Ignite Poison            Fire/Tmut/Pois ###.....     10%         3    N/A
 Ozocubu's Armour         Chrm/Ice       ###.....     10%         3    N/A
 Olgreb's Toxic Radiance  Pois           ###.....     32%         4    N/A
 Deflect Missiles         Chrm/Air       ###.......   99%         6    N/A

Dungeon Overview and Level Annotations

Branches:
Dungeon (15/15)            Temple (1/1) D:6            Lair (6/6) D:10
 Shoals (0/4) Lair:4       Spider (0/4) Lair:4        Slime (0/5) Lair:6
    Orc (2/2) D:10         Vaults (0/5) D:13         Depths (0/5) D:15
  Sewer (visited)         Ossuary (visited)           IceCv (visited)
Gauntlet (visited)
    Elf: Orc:2

Altars:
Ashenzari
Cheibriados
Dithmenos
Elyvilon
Fedhas
Gozag
Hepliaklqana
Kikubaaqudgha
Makhleb
Nemelex Xobeh
Okawaru
Qazlal
Ru
Sif Muna
Trog
Uskayaw
Vehumet
Wu Jian
Xom
Yredelemnul
Zin
The Shining One

Shops:
D:4 !   D:9 =???*   D:12 %   D:13 *

Annotations:
D:7 2 transporters, Kohma's ghost, novice GrVM
D:9 2 transporters, An17's ghost, novice VSGl
D:13 exclusion: meliai
Lair:1 1 runed translucent door, Biyces Oqua's ghost, journeyman OpFi
Lair:2 exclusion: 2 oklob plants
Lair:6 1 exclusion
Orc:2 Jorgrun


Innate Abilities, Weirdness & Mutations

You do not eat or drink.
Your flesh is vulnerable to fire.
You are immune to poison.
Your flesh is cold resistant. (rC+)
You are immune to negative energy. (rN+++)
You are immune to unholy pain and torment.
You can survive without breathing.
You are in touch with the powers of death.


Message History

The searing ray hits the yaktaur captain.
The yaktaur captain is moderately wounded.
The searing ray hits the yaktaur captain!
The yaktaur captain is heavily wounded.
The yaktaur captain shoots a bolt.
The bolt barely misses you.
The searing ray hits the yaktaur captain!
The yaktaur captain is severely wounded.
You finish channeling your searing ray.
The yaktaur captain shoots a bolt.
The bolt hits you!!!
* * * LOW HITPOINT WARNING * * *
Casting: Searing Ray (safe; 0% risk of failure)
Confirm with . or Enter, or press ? or * to list all spells.
Aiming: Searing Ray (safe; 0% risk of failure)
Press: ? - help, Shift-Dir - straight line, f/p - yaktaur captain
Aim: a yaktaur captain, wielding a +0 arbalest and quivering 21 bolts (severely wounded)
The searing ray hits the yaktaur captain!
The yaktaur captain is almost dead. (Press . to maintain the ray.)
The yaktaur captain shoots a bolt.
The bolt hits you!!!
You die...

...#######
.....(...#
..######)# .##
#.## ## #.(#
##.###########
#(#≈≈(.......*
#)#≈.#≈≈≈###+*
#.#...(.@# *
#.(.##≈..'.c.#
###......#...#
#≈(#≈≈≈###+#
#≈≈(.......*
###########*


You could see a yaktaur captain.

Vanquished Creatures
  Gastronok (Lair:3)
  6 hydras
  Fannar (Lair:3)
  3 vault guards (D:13)
  An ogre mage (D:15)
  7 centaur warriors
  12 two-headed ogres
  2 death yaks (D:10)
  Nergalle (D:12)
  Sonja (D:12)
  An unseen horror (D:14)
  3 orc knights
  4 manticores
  A deep elf mage (D:15)
  An orc sorcerer (D:15)
  8 ugly things
  4 cyclopes
  6 elephants
  Joseph (D:7)
  2 black mambas (Lair:6)
  A torpor snail (Lair:6)
  6 spiny frogs
  4 centaur skeletons
  2 gargoyles
  A yaktaur (D:15)
  6 komodo dragons
  5 rime drakes
  2 freezing wraiths (D:14)
  3 trolls
  A meliai (D:13)
  A polar bear (Lair:6)
  12 blink frogs
  8 hippogriffs
  A centaur simulacrum (D:15)
  A vampire (D:15)
  2 wraiths
  A human (D:11)
  3 wyverns
  3 hogs (D:11)
  7 vampire mosquitoes
  23 yaks
  A hungry ghost (D:14)
  4 basilisks
  2 wargs
  A soldier ant (D:11)
  Edmund (D:6)
  An acid dragon (D:15)
  9 water moccasins
  14 porcupines
  5 ice beasts
  A black bear (D:10)
  23 orc warriors
  3 phantoms
  6 sky beasts
  7 ogres
  11 wolves (Lair:4)
  2 eyes of draining
  28 centaurs
  A big kobold (D:7)
  9 crocodiles
  15 bullfrogs
  6 scorpions
  4 killer bees (D:7)
  8 wights (D:10)
  An electric eel (Lair:1)
  3 howler monkeys
  6 crimson imps
  4 quasits
  A bullfrog zombie (D:13)
  9 jellies
  11 orc priests
  8 hounds
  16 orc wizards
  A bullfrog skeleton (D:5)
  2 iguanas
  2 hell rats (D:10)
  15 worker ants
  2 killer bee zombies
  A hound skeleton (D:5)
  A mummy (Ossuary)
  A howler monkey zombie (D:9)
  4 worker ant zombies
  19 adders
  2 river rats (Sewer)
  3 shadow imps
  A white imp (IceCv)
  An ufetubus (IceCv)
  2 oozes (D:3)
  An adder zombie (D:6)
  2 adder skeletons (D:6)
  6 worms
  A dart slug (D:2)
  2 leopard geckos
  85 orcs
  3 ball pythons
  9 bats
  11 giant cockroaches
  6 goblins
  6 hobgoblins
  18 jackals
  5 quokkas
  10 frilled lizards
  10 gnoll skeletons (Ossuary)
  A goblin zombie (D:4)
  25 kobolds
  3 kobold skeletons (Ossuary)
  A leopard gecko skeleton (D:4)
  12 orc skeletons (Ossuary)
  35 rats
  A rat zombie (D:4)
690 creatures vanquished.

Vanquished Creatures (others)
  3 ufetubi (IceCv)
  4 fungi (Lair:4)
  2 plants (Lair:5)
  A withered plant (Lair:1)
10 creatures vanquished.

Grand Total: 700 creatures vanquished

Notes
Turn   | Place    | Note
-------+----------+-------------------------------------------
     0 | D:1      | Eurus the Mummy Conjurer began the quest for the Orb.
     0 | D:1      | Reached XP level 1. HP: 13/13 MP: 4/4
   417 | D:1      | Reached XP level 2. HP: 8/19 MP: 1/6
   855 | D:1      | Learned a level 2 spell: Searing Ray
  1571 | D:1      | Reached XP level 3. HP: 22/24 MP: 7/7
  2222 | D:2      | Reached XP level 4. HP: 30/30 MP: 5/9
  2815 | D:2      | Learned a level 4 spell: Iskenderun's Mystic Blast
  2818 | D:2      | Learned a level 2 spell: Blink
  2867 | D:3      | Reached skill level 1 in Shields
  3125 | D:3      | Reached XP level 5. HP: 35/35 MP: 6/11
  3268 | D:3      | Found an opulent altar of Gozag.
  3345 | D:3      | Found an ancient bone altar of Kikubaaqudgha.
  3734 | D:3      | Reached skill level 1 in Translocations
  4144 | D:4      | Reached XP level 6. HP: 41/41 MP: 12/12
  4159 | D:4      | Found a sand-covered staircase.
  4172 | Ossuary  | Entered an ossuary
  4172 | Ossuary  | Noticed a wraith
  4172 | Ossuary  | Noticed a wraith
  4172 | Ossuary  | Noticed a wraith
  4697 | Ossuary  | Noticed a wraith
  4721 | Ossuary  | Killed a wraith
  4721 | Ossuary  | Reached skill level 5 in Conjurations
  5131 | D:4      | Found an opulent altar of Gozag.
  5131 | D:4      | Found a glowing silver altar of Zin.
  5270 | D:4      | Found Yryenn's Distillery.
  5372 | D:5      | Entered Level 5 of the Dungeon
  5376 | D:5      | Reached XP level 7. HP: 47/47 MP: 14/14
  5424 | D:5      | Reached skill level 5 in Spellcasting
  5439 | D:5      | Reached skill level 1 in Fighting
  5532 | D:5      | Found a glowing drain.
  5541 | Sewer    | Entered a sewer
  6651 | D:5      | Reached XP level 8. HP: 56/56 MP: 16/16
  6916 | D:6      | Noticed Edmund
  6955 | D:6      | Killed Edmund
  7100 | D:6      | Found a staircase to the Ecumenical Temple.
  7114 | Temple   | Entered the Ecumenical Temple
  7251 | Temple   | Became a worshipper of Ashenzari the Shackled
  8214 | D:7      | Noticed Joseph
  8324 | D:7      | Noticed a moth of wrath
  8328 | D:7      | Noticed Kohma's ghost (novice GrVM)
  8329 | D:7      | Found a bloodstained altar of Trog.
  8329 | D:7      | Noticed a cyclops
  8334 | D:7      | Found a transporter.
  8342 | D:7      | Found a transporter.
  8471 | D:7      | Reached XP level 9. HP: 60/64 MP: 18/18
  9120 | D:7      | Found a basalt altar of Yredelemnul.
  9359 | D:8      | Reached * piety under Ashenzari
  9379 | D:8      | Reached skill level 1 in Armour
  9614 | D:8      | Found an ornate altar of the Wu Jian Council.
  9882 | D:8      | Found a radiant altar of Vehumet.
 10202 | D:9      | Found Wapoiv's Magic Scroll Shop.
 10212 | D:9      | Bought a scroll of remove curse for 45 gold pieces
 10212 | D:9      | Bought a scroll of remove curse for 45 gold pieces
 10212 | D:9      | Bought a scroll of remove curse for 45 gold pieces
 10212 | D:9      | Bought a scroll of remove curse for 45 gold pieces
 10433 | D:9      | Found a transporter.
 10444 | D:9      | Reached XP level 10. HP: 69/71 MP: 18/21
 10524 | D:9      | Noticed a wolf spider
 10525 | D:9      | Noticed An17's ghost (novice VSGl)
 10532 | D:9      | Noticed a moth of wrath
 10537 | D:9      | Found a transporter.
 10539 | D:9      | Noticed a manticore
 10580 | D:9      | Found Kuinkaz's Assorted Antiques.
 10768 | D:9      | Noticed a two-headed ogre
 10781 | D:9      | Killed a two-headed ogre
 10781 | D:9      | Reached skill level 5 in Shields
 10871 | D:9      | Found Soyps's Magic Scroll Shop.
 10876 | D:9      | Found Etumuc's Jewellery Shop.
 10892 | D:9      | Found Rakig's Magic Scroll Boutique.
 11071 | D:10     | Entered Level 10 of the Dungeon
 11119 | D:10     | Found an opulent altar of Gozag.
 11138 | D:10     | Reached ** piety under Ashenzari
 11262 | D:10     | Reached skill level 5 in Translocations
 11441 | D:10     | Noticed a death yak
 11959 | D:10     | Found a staircase to the Orcish Mines.
 12403 | D:10     | Noticed a death yak
 12418 | D:10     | Noticed a death yak
 12606 | D:10     | Found a staircase to the Lair.
 12630 | D:10     | Noticed a gargoyle
 12635 | D:10     | Killed a gargoyle
 12774 | D:10     | Reached XP level 11. HP: 44/77 MP: 21/24
 13185 | Lair:1   | Entered Level 1 of the Lair of Beasts
 13677 | Lair:1   | Reached *** piety under Ashenzari
 13810 | Lair:1   | Found a runed translucent door.
 13810 | Lair:1   | Noticed Biyces Oqua's ghost (journeyman OpFi)
 14269 | Lair:2   | Noticed a six-headed hydra
 14279 | Lair:2   | Killed a six-headed hydra
 14334 | Lair:2   | Noticed an oklob plant
 14334 | Lair:2   | Noticed an oklob plant
 14387 | Lair:2   | Noticed a seven-headed hydra
 14408 | Lair:2   | Killed a seven-headed hydra
 14696 | Lair:2   | Reached skill level 10 in Conjurations
 15484 | Lair:3   | Reached **** piety under Ashenzari
 15572 | Lair:3   | Found a frozen archway.
 15587 | IceCv    | Entered an ice cave
 15754 | Lair:3   | Noticed Fannar
 15968 | Lair:3   | Noticed Gastronok
 15997 | Lair:3   | Killed Gastronok
 15997 | Lair:3   | Reached skill level 10 in Spellcasting
 16195 | Lair:3   | Reached XP level 12. HP: 83/83 MP: 26/26
 16369 | Lair:3   | Killed Fannar
 17059 | Lair:4   | Found a hole to the Spider Nest.
 17143 | Lair:4   | Noticed an eight-headed hydra
 17186 | Lair:4   | Killed an eight-headed hydra
 17739 | Lair:4   | Found a staircase to the Shoals.
 18073 | Lair:4   | Reached ***** piety under Ashenzari
 19706 | Lair:5   | Reached skill level 5 in Dodging
 19936 | Lair:6   | Entered Level 6 of the Lair of Beasts
 20042 | Lair:6   | Gained mutation: You are in touch with the powers of death.
                  | [Mummy growth]
 20042 | Lair:6   | Reached XP level 13. HP: 86/88 MP: 28/28
 20371 | Lair:6   | Identified Sif Muna's Collected Works on Ignition and
                  | Protection
 20399 | Lair:6   | Learned a level 3 spell: Mephitic Cloud
 20716 | Lair:6   | Found a staircase to the Slime Pits.
 21262 | D:7      | Killed Joseph
 21345 | Orc:1    | Entered Level 1 of the Orcish Mines
 21566 | Orc:1    | Noticed an orc warlord
 22386 | Orc:2    | Entered Level 2 of the Orcish Mines
 22393 | Orc:2    | Noticed Jorgrun
 22892 | D:11     | Reached skill level 5 in Fighting
 23943 | D:12     | Found Puxapea's Food Shoppe.
 23950 | D:12     | Found a gate leading to a gauntlet.
 23957 | Gauntlet | Entered a Gauntlet
 23957 | Gauntlet | Found a transporter.
 23960 | Gauntlet | Found a transporter.
 23961 | Gauntlet | Found a transporter.
 23962 | Gauntlet | Found a transporter.
 23965 | Gauntlet | Found a transporter.
 23966 | Gauntlet | Found a transporter.
 23974 | Gauntlet | Found a transporter.
 23975 | Gauntlet | Noticed an entropy weaver
 23987 | Gauntlet | Found a transporter.
 24053 | Gauntlet | Found a transporter.
 24067 | Gauntlet | Identified the +4 helmet of the Trombone {Stlth+}
 24068 | Gauntlet | Found a transporter.
 24073 | Gauntlet | Found a transporter.
 24089 | Gauntlet | Found a transporter.
 24403 | D:12     | Noticed Sonja
 24415 | D:12     | Killed Sonja
 24637 | D:12     | Noticed Nergalle
 24934 | D:12     | Killed Nergalle
 25979 | D:12     | Reached XP level 14. HP: 16/101 MP: 29/30
 26173 | D:13     | Found a gate to the Vaults.
 26270 | D:13     | Found Boath's General Store.
 27983 | D:14     | Reached ****** piety under Ashenzari
 29309 | D:15     | Entered Level 15 of the Dungeon
 30851 | D:15     | Found a staircase to the Depths.
 30860 | D:15     | Shot with a bolt by a yaktaur captain

Levels and vault maps discovered:
D:1:      giann_bridges, layout_basic, hex_large
D:2:      layout_basic, first_ration, serial_bayou_lagoon_b
D:3:      layout_rooms, nicolae_overflow_hidden_temple, chequers_garden,
          serial_bayou_pond_b, nicolae_gozag_cash_rules_everything_around_me
D:4:      layout_rooms, grunt_temple_overflow_gold_and_silver, serial_shops,
          shop_statue, enter_ossuary_4
D:5:      layout_rooms, cheibrodos_sewer_entry_bend, minmay_starry_boxes
D:6:      layout_loops_ring, minmay_temple_entry_large_hall,
          minmay_increasing_density, uniq_edmund
D:7:      layout_rooms, marbit_many_paths, gammafunk_ghost_wrathful_warriors,
          uniq_joseph
D:8:      layout_gridville, lemuel_round_altar, overflow_temple_1_default
D:9:      layout_rooms, serial_shops, kennysheep_mini,
          nicolae_shop_overgrown_old_shop, kennysheep_mini_moat, shop_scrolls,
          nicolae_shop_trees, gammafunk_ghost_berserking_beasts
D:10:     layout_loops_corners, dpeg_lair_monsters, david_orc_4, basic_altar
D:11:     layout_roguey, grunt_livestock
D:12:     layout_loops_corners, gauntlet_entry_generic, serial_shops, shop,
          uniq_nergalle, uniq_sonja
D:13:     layout_roguey, lightli_vaults_fourway_checkpoint, serial_shops, shop
D:14:     layout_layer_cave, minmay_stone_trees_large
D:15:     grunt_enter_depths_snipers, layout_rooms, minmay_fractal_squares_5
Temple:   nicolae_temple_elliptical
Lair:1:   layout_chaotic_city, gammafunk_ghost_grave, serial_bayou_shore_a
Lair:2:   layout_cave_pods, grunt_megastairs_4, lemuel_fruit_tree,
          minmay_lair_oklob_chamber, infiniplex_staircase_pool_2
Lair:3:   layout_gridlike, portal_ice_cave_rime, beast_lair_carwin_2,
          uniq_gastronok, uniq_fannar
Lair:4:   layout_roguey, elwin_shoals_entry_rocks,
          nicolae_spider_entry_non_spiders
Lair:5:   layout_regular_city
Lair:6:   cheibrodos_lair_end_hotspot, layout_regular_city, slime_dummy
Orc:1:    cheibrodos_orc_arena, layout_caves, uniq_maurice
Orc:2:    st_orc_elflike, layout_caves, nicolae_volcano_entry_batcave,
          uniq_jorgrun, uniq_nessos

Skill      XL: |  1  2  3  4  5  6  7  8  9 10 11 12 13 14 |
---------------+-------------------------------------------+-----
Spellcasting   | 3 4 5 6 7 9 10 11 12 13 | 13.5
Conjurations   | 4 5 6 7 8 9 10 11 12 13 | 13.7
Shields        | 1 2 3 4 5 6 7 8 9 |  9.6
Translocations | 1 2 3 4 5 6 7 |  7.5
Fighting       | 1 3 4 6 8 |  8.1
Armour         | 2 3 4 |  4.0
Dodging        | 3 5 |  5.0
Stealth        | |  1.5

Action                   |  1- 3 |  4- 6 |  7- 9 | 10-12 | 13-15 || total
-------------------------+-------+-------+-------+-------+-------++-------
Melee: Club              |    54 |    12 |       |       |       ||    66
       Dagger            |       |    69 |    32 |       |       ||   101
       Short sword       |       |       |    68 |    28 |    32 ||   128
 Cast: Magic Dart        |    49 |    99 |    62 |    86 |   147 ||   443
       Searing Ray       |     6 |    33 |   107 |   208 |   264 ||   618
       Iskenderun's Myst |       |       |       |     7 |    11 ||    18
       Mephitic Cloud    |       |       |       |       |     1 ||     1
Invok: Curse Item        |       |       |     6 |     1 |     2 ||     9
  Use: Scroll            |       |    11 |     3 |     1 |     8 ||    23
 Stab: Sleeping          |       |       |     1 |       |       ||     1
Armor: Robe              |    30 |    31 |    37 |       |       ||    98
       Leather armour    |       |       |     3 |    40 |     8 ||    51
       Troll leather arm |       |       |       |       |    47 ||    47
Dodge: Dodged            |    70 |    80 |   211 |   303 |   504 ||  1168
Block: Buckler           |       |    16 |    48 |   106 |   148 ||   318

Table legend:
 A = Non-vault XP
 B = Vault XP
 C = Vault XP percentage of total XP
 D = Non-vault monster count
 E = Vault monster count
 F = Vault count percentage of total count
                 A         B        C        D         E       F
            +---------+---------+-------+---------+---------+-------
      Total |   74278 |   24304 |  24.7 |     509 |     181 |  26.2
            +---------+---------+-------+---------+---------+-------
        D:1 |      41 |       0 |   0.0 |      25 |       0 |   0.0
        D:2 |      84 |       0 |   0.0 |      24 |       0 |   0.0
        D:3 |     146 |       5 |   3.3 |      22 |       3 |  12.0
        D:4 |     169 |       2 |   1.2 |      18 |       2 |  10.0
        D:5 |     720 |      44 |   5.8 |      19 |       2 |   9.5
        D:6 |     376 |     472 |  55.7 |      13 |       7 |  35.0
        D:7 |    1411 |     512 |  26.6 |      36 |       2 |   5.3
        D:8 |     706 |       0 |   0.0 |      14 |       0 |   0.0
        D:9 |    2541 |       0 |   0.0 |      33 |       0 |   0.0
       D:10 |    3292 |    2765 |  45.6 |      39 |      23 |  37.1
       D:11 |    2715 |     993 |  26.8 |      26 |       5 |  16.1
       D:12 |   11776 |    1614 |  12.1 |      47 |       2 |   4.1
       D:13 |    3849 |    4739 |  55.2 |      23 |      10 |  30.3
       D:14 |    7911 |     562 |   6.6 |      23 |       1 |   4.2
       D:15 |   13218 |    2973 |  18.4 |      31 |       8 |  20.5
     Lair:1 |    1499 |       0 |   0.0 |       8 |       0 |   0.0
     Lair:2 |    3419 |    1360 |  28.5 |      15 |       3 |  16.7
     Lair:3 |    2582 |    4675 |  64.4 |      10 |       8 |  44.4
     Lair:4 |    7757 |     113 |   1.4 |      37 |       8 |  17.8
     Lair:5 |    4907 |       0 |   0.0 |      15 |       0 |   0.0
     Lair:6 |    3051 |    1861 |  37.9 |      11 |       4 |  26.7
      Orc:1 |    1935 |    1224 |  38.7 |      18 |      16 |  47.1
      Orc:2 |     173 |       0 |   0.0 |       2 |       0 |   0.0
      Sewer |       0 |     123 | 100.0 |       0 |      48 | 100.0
    Ossuary |       0 |     257 | 100.0 |       0 |      27 | 100.0
      IceCv |       0 |      10 | 100.0 |       0 |       2 | 100.0
            +---------+---------+-------+---------+---------+-------
